 Dungeon Crawl Stone Soup version 0.28.0-47-ge53b351184 (webtiles) character file.

Game seed: 2459378145865600986

170 styxcanada the Covert (level 5, -1/26 HPs)
             Began as a Spriggan Brigand on May 8, 2022.
             Succumbed to a scorpion's poison
             ... on level 4 of the Dungeon.
             The game lasted 00:10:12 (3721 turns).

styxcanada the Covert (Spriggan Brigand)            Turns: 3721, Time: 00:10:12

Health: -1/26      AC:  3    Str:  7    XL:     5   Next: 26%
Magic:  6/6        EV: 18    Int: 13    God:
Gold:   75         SH:  0    Dex: 18    Spells: 4/4 levels left

rFire   . . .      SeeInvis +   a - +2 dagger
rCold   + . .      Faith    .   (no shield)
rNeg    . . .      Spirit   .   b - +0 robe
rPois   .          Reflect  .   (helmet restricted)
rElec   .          Harm     .   c - +0 cloak
rCorr   .          Rampage  .   (gloves unavailable)
Will    .....                   (boots unavailable)
Stlth   ++++......              (no amulet)
HPRegen 0.08/turn               l - ring of protection from cold
MPRegen 0.10/turn               (no ring)

@: lethally poisoned (-1 -> -17), very quick
A: very small, no large weapons, unfitting armour, see invisible, speed 3
a: no special abilities


You were on level 4 of the Dungeon.
You visited 1 branch of the dungeon, and saw 4 of its levels.

You collected 75 gold pieces.

Inventory:

Hand Weapons
 a - a +2 dagger (weapon)
 m - a +0 hunting sling
 p - a +1 spear of freezing
Missiles
 e - a curare-tipped dart (quivered)
 g - 101 stones
 q - 16 sling bullets
Armour
 b - a +0 robe (worn)
 c - a +0 cloak (worn)
Jewellery
 l - a ring of protection from cold (left hand)
Scrolls
 d - 3 scrolls of identify {unknown}
 f - a scroll of amnesia {unknown}
 i - a scroll of blinking {unknown}
Potions
 h - a potion of ambrosia {unknown}
 j - 2 potions of attraction {unknown}
 k - a potion of mutation {unknown}
 n - 2 potions of curing {unknown}
 o - 3 potions of magic {unknown}


   Skills:
 * Level 2.1 Fighting
 + Level 3.1 Short Blades
 + Level 2.3 Throwing
 * Level 2.8 Dodging
 * Level 8.3 Stealth


You had 4 spell levels left.
You didn't know any spells.
Your spell library was empty.

Dungeon Overview and Level Annotations

Branches:
Dungeon (4/15)
 Temple: D:4-7

Altars:
Uskayaw
The Shining One

Shops:
D:1 =


Innate Abilities, Weirdness & Mutations

You are very small and have problems with some larger weapons.
You are too small for most types of armour.
You have supernaturally acute eyesight. (SInv)
You cover ground extremely quickly. (Speed+++)


Message History

Press: ? - help, Q - select action, (/) - cycle Shift-Dir - straight line, f/p - scorpion
Aim: a scorpion (63% to hit)
You throw a poisoned dart.
The poisoned dart completely misses the scorpion.
Unknown command.
Throw: 4 darts (poison)
Press: ? - help, Q - select action, (/) - cycle Shift-Dir - straight line, f/p - scorpion
Aim: a scorpion (63% to hit)
You throw a poisoned dart.
The poisoned dart hits the giant cockroach.
The giant cockroach is poisoned.
The giant cockroach closely misses you.
Throw: 3 darts (poison)
Press: ? - help, Q - select action, (/) - cycle Shift-Dir - straight line, f/p - scorpion
Aim: a scorpion (63% to hit)
You throw a poisoned dart.
The poisoned dart hits the giant cockroach.
The giant cockroach looks even sicker.
The giant cockroach is severely wounded.
You kill the giant cockroach!
Throw: 2 darts (poison)
Press: ? - help, Q - select action, (/) - cycle Shift-Dir - straight line, f/p - scorpion
Aim: a scorpion (63% to hit)
You throw a poisoned dart.
The poisoned dart barely misses the scorpion.
Throw: dart (poison)
Press: ? - help, Q - select action, (/) - cycle Shift-Dir - straight line, f/p - scorpion
Aim: a scorpion (63% to hit)
You throw a poisoned dart.
The poisoned dart barely misses the scorpion.
You barely miss the scorpion. The scorpion misses you.
You hit the scorpion but do no damage. The scorpion stings you.
* * * LOW HITPOINT WARNING * * *
You hit the scorpion.
The scorpion is lightly wounded.
The scorpion stings you.
* * * LOW HITPOINT WARNING * * *
You are lethally poisoned!
The scorpion poisons you!
You die...

..........##
..........#
..........########
..#####.....(((..##
# ###.........##
#########..#
#...####..##
##.s†..(.(##
#@.######## #..#
##..# ##..# #..#
#..# #... #..


You could see a scorpion.

Vanquished Creatures
  An orc priest (D:3)
  Jessica (D:3)
  3 gnolls (D:2)
  2 adders (D:2)
  2 dart slugs
  3 orcs (D:3)
  3 ball pythons
  9 endoplasms
  4 giant cockroaches
  6 goblins
  3 hobgoblins
  9 kobolds
  5 bats
  6 frilled lizards
  6 rats
63 creatures vanquished.

Notes
Turn   | Place    | Note
-------+----------+-------------------------------------------
     0 | D:1      | styxcanada the Spriggan Brigand began the quest for the
                  | Orb.
     0 | D:1      | Reached XP level 1. HP: 10/10 MP: 2/2
    11 | D:1      | Noticed a minotaur skeleton
    13 | D:1      | Noticed a minotaur skeleton
    47 | D:1      | Reached skill level 6 in Stealth
   366 | D:1      | Reached XP level 2. HP: 14/14 MP: 3/3
   532 | D:1      | Found Hittysyi's Jewellery Emporium.
  1142 | D:2      | Reached skill level 7 in Stealth
  1519 | D:2      | Reached XP level 3. HP: 5/18 MP: 4/4
  2129 | D:2      | Reached XP level 4. HP: 23/23 MP: 5/5
  2492 | D:2      | Found a hide-covered altar of Uskayaw.
  2647 | D:3      | Noticed Jessica
  2647 | D:3      | Found a faded altar of an unknown god.
  2785 | D:3      | Reached skill level 8 in Stealth
  2839 | D:3      | HP: 1/23 [kobold/+0 short sword (3)]
  3207 | D:3      | Killed Jessica
  3208 | D:3      | Reached XP level 5. HP: 26/26 MP: 6/6
  3588 | D:3      | Found a glowing golden altar of the Shining One.
  3721 | D:4      | Succumbed to a scorpion's poison

Illustrated notes

Levels and vault maps discovered:
D:1:      shiori_arrival_whats_in_store_for_you, layout_loops_corners,
          serial_shops, shop
D:2:      layout_loops_cross, basic_altar, minmay_tromino_v2
D:3:      layout_basic, nicolae_tso_swordbearing_angel,
          nicolae_ecumenical_pavilion, grunt_decor_clamped, uniq_jessica
D:4:      layout_layer_cave

Skill      XL: |  1  2  3  4 |
---------------+-------------+-----
Stealth        | 6 7 8 |  8.3
Dodging        | 2 |  2.8
Fighting       | 2 |  2.1
Short Blades   | 3 |  3.1
Throwing       | |  2.3

Action                   |  1- 3 |  4- 6 || total
-------------------------+-------+-------++-------
Melee: Dagger            |    86 |    79 ||   165
Throw: Dart              |    12 |    23 ||    35
       Stone             |       |     1 ||     1
 Stab: Sleeping          |    11 |     5 ||    16
Armor: Robe              |     8 |    10 ||    18
Dodge: Dodged            |    43 |    66 ||   109
